 Dungeon Crawl Stone Soup version 0.28-a0-643-g84cb2ea78e (webtiles) character file.

Game seed: 1388169607031523456

10859 ytrimaz the Severer (level 11, -1/95 HPs)
             Began as a Hill Orc Fighter on Oct 11, 2021.
             Slain by a boulder beetle (16 damage)
             ... on level 12 of the Dungeon.
             The game lasted 00:16:56 (11941 turns).

ytrimaz the Severer (Hill Orc Fighter)             Turns: 11941, Time: 00:16:56

Health: -1/95      AC: 18    Str: 23    XL:     11   Next: 68%
Magic:  11/11      EV:  7    Int:  8    God:
Gold:   592        SH:  5    Dex: 10    Spells: 10/10 levels left

rFire   + . .      SeeInvis .   j - +3 broad axe (flame)
rCold   . . .      Faith    .   c - +0 buckler
rNeg    . . .      Spirit   .   f - +0 plate armour
rPois   .          Reflect  .   (no helmet)
rElec   .          Harm     .   (no cloak)
rCorr   .          Rampage  .   y - +2 pair of gloves
Will    .....                   s - +0 pair of boots
Stlth   ..........              (no amulet)
HPRegen 0.25/turn               m - ring of protection from fire
MPRegen 0.12/turn               (no ring)

@: no status effects
A: no striking features
a: no special abilities


You were on level 12 of the Dungeon.
You visited 2 branches of the dungeon, and saw 13 of its levels.

You collected 592 gold pieces.

Inventory:

Hand Weapons
 a - a +1 war axe
 j - a +3 broad axe of flaming (weapon)
 n - a +0 mace of holy wrath
Missiles
 A - 5 throwing nets (quivered)
Armour
 c - a +0 buckler (worn)
 f - a +0 plate armour (worn)
 s - a +0 pair of boots (worn)
 y - a +2 pair of gloves (worn)
 F - a +0 troll leather armour
Jewellery
 h - a ring of fire
 m - a ring of protection from fire (left hand)
 r - an amulet of faith
Wands
 b - a wand of mindburst (3)
 g - a wand of iceblast (32)
 l - a wand of polymorph (8)
 t - a wand of acid (13)
 w - a wand of paralysis (8)
 D - a wand of digging (15)
Scrolls
 e - a scroll of enchant armour
 i - a scroll of magic mapping
 p - a scroll of fear
 z - 2 scrolls of noise
 E - a scroll of teleportation
 G - a scroll of brand weapon
 H - a scroll of identify
 K - a scroll of amnesia
Potions
 d - a potion of resistance
 k - 2 potions of brilliance
 o - a potion of flight
 q - 2 potions of lignification
 u - a potion of magic
 v - a potion of haste
 x - 3 potions of attraction
 B - a potion of curing
 C - 4 potions of might
 I - a potion of invisibility
 J - 2 potions of heal wounds {unknown}
 L - a potion of berserk rage {unknown}


   Skills:
 + Level 8.7 Fighting
 * Level 18.5 Axes
 + Level 1.4(10.3) Maces & Flails
 + Level 9.0 Armour
 + Level 5.5 Shields


You had 10 spell levels left.
You didn't know any spells.
Your spell library contained the following spells:

 Spells                   Type           Power      Damage    Failure   Level
 Magic Dart               Conj           0%         1d3       99%         1
 Call Imp                 Summ           0%         N/A       100%        2
 Call Canine Familiar     Summ           0%         N/A       100%        3
 Dazzling Flash           Conj/Hex       0%         N/A       100%        3
 Mephitic Cloud           Conj/Pois/Air  0%         N/A       100%        3
 Portal Projectile        Hex/Tloc       0%         N/A       100%        3
 Fulminant Prism          Conj/Hex       0%         3d6       100%        4
 Iskenderun's Mystic Bla  Conj/Tloc      0%         2d3       100%        4
 Leda's Liquefaction      Hex/Erth       0%         N/A       100%        4
 Lee's Rapid Deconstruct  Erth           0%         3d5*      100%        5
 Silence                  Hex/Air        0%         N/A       100%        5
 Yara's Violent Unravell  Hex/Tmut       0%         3d3       100%        5


Dungeon Overview and Level Annotations

Branches:
Dungeon (12/15)            Temple (1/1) D:4            Lair (0/6) D:11
    Orc (0/2) D:9

Altars:
Ashenzari
Cheibriados
Dithmenos
Elyvilon
Fedhas
Gozag
Hepliaklqana
Kikubaaqudgha
Makhleb
Nemelex Xobeh
Okawaru
Qazlal
Ru
Sif Muna
Trog
Uskayaw
Vehumet
Wu Jian
Xom
Yredelemnul
Zin
The Shining One
Lugonu

Shops:
D:1 [   D:2 =

Portals:
Abyss: D:5

Annotations:
D:5 1 runed translucent door, 2 transporters, bande's ghost, novice GrFi
D:6 2 transporters, zxkuqyb's ghost, novice DEFE
D:9 exclusion: statue


Message History

There is an open door here.
L - a black potion You open the door.
There is an open door here.
A boulder beetle comes into view.
The boulder beetle leaps!
There is an open door here.
There is an open door here.
The boulder beetle curls into a ball and begins rolling!
There is an open door here.
The boulder beetle hits you!!!
The boulder beetle stops rolling and uncurls.
You slash the boulder beetle! You burn the boulder beetle!
The boulder beetle is moderately wounded.
You block the boulder beetle's attack.
You slash the boulder beetle! You burn the boulder beetle.
The boulder beetle is heavily wounded.
The boulder beetle bites you!!
You hit the boulder beetle but do no damage.
The boulder beetle is heavily wounded.
The boulder beetle barely misses you.
You hit the boulder beetle. You burn the boulder beetle.
The boulder beetle is severely wounded.
You hit the boulder beetle but do no damage.
The boulder beetle is severely wounded.
The boulder beetle bites you!
* * * LOW HITPOINT WARNING * * *
You hit the boulder beetle but do no damage.
The boulder beetle is severely wounded.
The boulder beetle barely misses you.
You hit the boulder beetle. You burn the boulder beetle.
The boulder beetle is severely wounded.
You slice the boulder beetle!! You burn the boulder beetle.
The boulder beetle is almost dead.
The boulder beetle bites you!
* * * LOW HITPOINT WARNING * * *
You feel better. The boulder beetle closely misses you.
The boulder beetle curls into a ball and begins rolling!
The boulder beetle hits you!
You die...

#......###
#.........
#......... ###
#......... #..
#####+#......... #..
.......B........ #..
......○.......####..
#######.#######.....
+..@B.°.#...........
#....○#.#...........
#.....#.'...........
#.....#.##..........
#.....#..#..........
#.....#..#....######
#.....#..#....#
#.....#..#....#
#######..#.####


You could see a boulder beetle (rolling).

Vanquished Creatures
  Harold (D:7)
  A two-headed ogre (D:9)
  An ugly thing (D:10)
  A cyclops (D:11)
  Maurice (D:10)
  A gargoyle (D:11)
  3 kobold demonologists (D:10)
  A troll (D:9)
  A hornet (D:10)
  3 slime creatures (D:6)
  A shadow (D:9)
  A wraith (D:11)
  17 yaks
  A steam dragon (D:6)
  2 acid dragons
  2 water moccasins
  A sky beast (D:7)
  An orc warrior (D:7)
  A centaur (D:8)
  An ice beast (D:5)
  A necrophage (D:7)
  A gnoll sergeant (D:9)
  4 bullfrogs
  2 water moccasin zombies
  2 scorpions
  A wyvern skeleton (D:6)
  2 water moccasin skeletons
  16 killer bees
  2 howler monkeys (D:9)
  7 centaur zombies
  A hound (D:4)
  2 jellies
  4 orc wizards
  3 iguanas (D:4)
  A hound skeleton (D:5)
  5 gnolls (D:9)
  A howler monkey skeleton (D:5)
  8 adders
  A white imp (D:7)
  20 orcs
  7 bats
  8 endoplasms
  4 giant cockroaches
  9 goblins
  8 hobgoblins
  17 jackals
  7 kobolds
  3 quokkas (D:1)
  4 ball pythons
  14 frilled lizards
  A kobold zombie (D:5)
  9 rats
217 creatures vanquished.

Vanquished Creatures (others)
  A demonic plant (D:10)
  14 plants
15 creatures vanquished.

Grand Total: 232 creatures vanquished

Notes
Turn   | Place    | Note
-------+----------+-------------------------------------------
     0 | D:1      | ytrimaz the Hill Orc Fighter began the quest for the Orb.
     0 | D:1      | Reached XP level 1. HP: 19/19 MP: 1/1
    98 | D:1      | Reached XP level 2. HP: 25/27 MP: 2/2
   236 | D:1      | Found Xejil Poc's Armour Shop.
   429 | D:1      | Reached skill level 3 in Axes
   434 | D:1      | Reached XP level 3. HP: 25/33 MP: 3/3
   934 | D:2      | Reached skill level 4 in Axes
   934 | D:2      | Reached XP level 4. HP: 40/40 MP: 4/4
  1217 | D:2      | Found Veedghoum's Jewellery Emporium.
  1307 | D:2      | Found a faded altar of an unknown god.
  2351 | D:4      | Reached XP level 5. HP: 37/46 MP: 5/5
  2370 | D:4      | Found a staircase to the Ecumenical Temple.
  2379 | D:4      | Reached skill level 5 in Axes
  2395 | Temple   | Entered the Ecumenical Temple
  3133 | D:4      | Found a blossoming altar of Fedhas.
  3179 | D:5      | Entered Level 5 of the Dungeon
  3204 | D:4      | Reached skill level 1 in Maces & Flails
  3648 | D:4      | Reached skill level 6 in Axes
  3648 | D:4      | Reached XP level 6. HP: 42/53 MP: 6/6
  3750 | D:4      | Found an iron altar of Okawaru.
  3980 | D:4      | Noticed a necrophage
  3981 | D:4      | Noticed a necrophage
  3981 | D:4      | Noticed a necrophage
  3982 | D:4      | Noticed a necrophage
  3982 | D:4      | Noticed a necrophage
  4130 | D:5      | Noticed a water moccasin
  4147 | D:5      | Killed a water moccasin
  4148 | D:5      | Reached skill level 7 in Axes
  4148 | D:5      | Reached XP level 7. HP: 17/60 MP: 7/7
  4161 | D:5      | Reached skill level 5 in Fighting
  4653 | D:5      | Found a runed translucent door.
  4653 | D:5      | Noticed a human
  4659 | D:5      | Found a basalt altar of Yredelemnul.
  4705 | D:5      | Reached skill level 5 in Armour
  4758 | D:5      | Found a transporter.
  4834 | D:5      | Found a transporter.
  4855 | D:5      | Found a one-way gate to the infinite horrors of the Abyss.
  4855 | D:5      | Noticed bande's ghost (novice GrFi)
  4871 | D:5      | Reached skill level 8 in Axes
  5248 | D:6      | Got the Volume of Beguiling
  5350 | D:6      | Found a burning altar of Makhleb.
  5429 | D:6      | Reached XP level 8. HP: 48/68 MP: 8/8
  5572 | D:6      | Found a transporter.
  5604 | D:6      | Reached skill level 9 in Axes
  5798 | D:6      | Found a transporter.
  5798 | D:6      | Noticed zxkuqyb's ghost (novice DEFE)
  6005 | D:6      | Identified a scroll of acquirement
  6005 | D:6      | Acquired a +3 broad axe of flaming
  6045 | D:7      | Noticed a slime creature
  6045 | D:7      | Noticed a slime creature
  6045 | D:7      | Noticed a slime creature
  6058 | D:6      | Killed a slime creature
  6059 | D:6      | Reached skill level 10 in Axes
  6168 | D:6      | Killed a slime creature
  6172 | D:6      | Killed a slime creature
  6173 | D:6      | Reached skill level 11 in Axes
  6173 | D:6      | Reached XP level 9. HP: 26/75 MP: 9/9
  6796 | D:7      | Reached skill level 12 in Axes
  7423 | D:7      | Noticed Harold
  7437 | D:7      | Killed Harold
  7438 | D:7      | Reached skill level 13 in Axes
  7683 | D:7      | Identified the +0 buckler of Ethics {Drain Fly MP+9 SInv}
  7818 | D:8      | Found a hazy altar of Hepliaklqana.
  8187 | D:9      | Reached skill level 14 in Axes
  8288 | D:9      | Noticed a troll
  8302 | D:9      | Killed a troll
  8303 | D:9      | Reached skill level 5 in Shields
  8303 | D:9      | Reached XP level 10. HP: 78/84 MP: 10/10
  8420 | D:9      | Noticed a two-headed ogre
  8431 | D:9      | Killed a two-headed ogre
  8432 | D:9      | Reached skill level 15 in Axes
  8855 | D:9      | Found a staircase to the Orcish Mines.
  8954 | D:9      | Found a radiant altar of Vehumet.
  9101 | D:9      | Reached skill level 16 in Axes
  9281 | D:10     | Entered Level 10 of the Dungeon
  9281 | D:10     | Noticed Maurice
  9295 | D:10     | Killed Maurice
  9296 | D:10     | Reached XP level 11. HP: 75/94 MP: 11/11
  9428 | D:10     | Found a corrupted altar of Lugonu.
  9440 | D:10     | Reached skill level 17 in Axes
  9665 | D:10     | Found a shimmering blue altar of Sif Muna.
  9735 | D:10     | Found a hide-covered altar of Uskayaw.
  9737 | D:10     | Noticed a red ugly thing
  9746 | D:10     | Killed a red ugly thing
 10044 | D:10     | Noticed a tengu warrior
 10712 | D:10     | Paralysed by a hornet for 3 turns
 11016 | D:11     | Reached skill level 18 in Axes
 11041 | D:11     | Found a staircase to the Lair.
 11068 | D:11     | Noticed a cyclops
 11082 | D:11     | Killed a cyclops
 11916 | D:12     | Noticed a boulder beetle
 11937 | D:12     | HP: 3/95 [boulder beetle (13)]
 11941 | D:12     | Slain by a boulder beetle

Illustrated notes

Levels and vault maps discovered:
D:1:      minmay_arrival_wavy_path, layout_basic, serial_shops, shop,
          minmay_lizard_king
D:2:      layout_basic, serial_shops, shop,
          dreamdust_ecumenical_altar_angels_and_demons, minmay_pentomino_q2
D:3:      minmay_spotlight, layout_basic, minmay_stone_trees_small
D:4:      layout_basic, fedhas_altar_decomposition, okawaru_trees_2,
          minmay_temple_entry_tees
D:5:      layout_cave_pools, dk_yredelemnul_ordeal,
          gammafunk_ghost_abyssal_escape,
          hangedman_abyss_or_decor_jellyfish_corner
D:6:      layout_loops_corners, mainiacjoe_overflow_24_doors,
          gammafunk_ghost_arena
D:7:      layout_cave_pools, uniq_harold
D:8:      layout_basic, mainiacjoe_overflow_small_starburst
D:9:      layout_gridville, vehumet_statue, orc_0_dummy, bh_walls_and_bars
D:10:     kennysheep_kobold_lugonu_temple, layout_stronghold,
          eat_drink_and_be_merry_uskayaw, mainiacjoe_overflow_paths,
          minmay_variable_closet, uniq_maurice
D:11:     layout_loops_ring, lair_entry_dummy
D:12:     layout_irregular_city, corexii_hall_statues_i
Temple:   eino_temple_water

Skill      XL: |  1  2  3  4  5  6  7  8  9 10 11 |
---------------+----------------------------------+-----
Axes           | 3 4 6 7 8 11 14 16 18 | 18.5
Fighting       | 4 5 6 7 8 |  8.7
Armour         | 4 5 6 7 8 9 |  9.0
Maces & Flails | 1 |  1.4
Shields        | 4 5 |  5.5

Action                   |  1- 3 |  4- 6 |  7- 9 | 10-12 || total
-------------------------+-------+-------+-------+-------++-------
Melee: War axe           |   100 |   150 |    69 |       ||   319
       Mace              |       |    40 |       |       ||    40
       Broad axe         |       |       |   117 |   214 ||   331
  Use: Scroll            |       |     2 |    11 |     6 ||    19
       Potion            |       |     4 |     1 |     2 ||     7
Armor: Scale mail        |    55 |       |       |       ||    55
       Plate armour      |    33 |   179 |   115 |   123 ||   450
Dodge: Dodged            |    50 |    74 |    47 |    66 ||   237
Block: Buckler           |    37 |    50 |    49 |    35 ||   171

Table legend: (Time is in decaauts)
 A = Elapsed time spent in this place.
 B = Non-inter-level travel time spent in this place.
 C = Inter-level travel time spent in this place.
 D = Time resting spent in this place.
 E = Time spent auto-exploring this place.
 F = Levels seen in this place.
 G = Mean time per level.
                   A        B        C        D        E       F      G
               +--------+--------+--------+--------+--------+-----+--------+
         Total |  11959 |  11727 |    232 |   3059 |   6551 |  13 |  919.9 |
       Dungeon |  11666 |  11453 |    213 |   3059 |   6291 |  12 |  972.2 |
        Temple |    292 |    273 |     19 |      0 |    260 |   1 |  292.0 |
               +--------+--------+--------+--------+--------+-----+--------+

Top non-repeatable levels by time:
    D:10: 1702 daAuts
     D:4: 1566 daAuts
     D:6: 1484 daAuts
     D:7: 1217 daAuts
     D:9: 1140 daAuts
     D:5: 996 daAuts
     D:2: 945 daAuts
    D:11: 782 daAuts
     D:1: 718 daAuts
     D:3: 573 daAuts
     D:8: 397 daAuts
  Temple: 292 daAuts
    D:12: 142 daAuts
